 Dungeon Crawl Stone Soup version 0.27-a0-789-g6bb3289e1e (webtiles) character file.

Game seed: 15309864128444495106

1593 porpoise the Conjurer (level 8, -5/49 HPs)
             Began as a Deep Elf Conjurer on Mar 27, 2021.
             Was a Believer of Vehumet.
             Shot with an arrow by a centaur (10 damage)
             ... on level 6 of the Dungeon.
             The game lasted 00:23:33 (6195 turns).

porpoise the Conjurer (Deep Elf Conjurer)           Turns: 6195, Time: 00:23:33

Health: -5/49      AC:  4    Str:  5    XL:     8   Next: 62%
Magic:  13/17      EV: 13    Int: 25    God:    Vehumet [**....]
Gold:   263        SH:  0    Dex: 13    Spells: 6/17 levels left

rFire    . . .     SeeInvis .   b - +0 hunting sling
rCold    . . .     Faith    .   (no shield)
rNeg     . . .     Spirit   .   c - +0 robe
rPois    .         Reflect  .   p - +0 helmet
rElec    .         Harm     .   (no cloak)
rCorr    .         Rampage  .   (no gloves)
Will     .....                  y - +0 pair of boots
Stlth    ++........             (no amulet)
HPRegen  0.16/turn              (no ring)
MPRegen  0.15/turn              (no ring)

@: no status effects
A: no striking features
a: Renounce Religion


You were on level 6 of the Dungeon.
You worshipped Vehumet.
Vehumet was pleased with you.
You visited 2 branches of the dungeon, and saw 7 of its levels.

You collected 263 gold pieces.

Inventory:

Hand Weapons
 a - the +8 quarterstaff "Nuoq" {holy, rElec rN+ Int-5}
   (You found it on level 5 of the Dungeon)

   It has been blessed by the Shining One to cause great damage to the undead
   and demons.
   It affects your intelligence (-5).
   It insulates you from electricity.
   It protects you from negative energy.
 b - a +0 hunting sling (weapon)
 x - a +0 short sword
 A - a +2 trident of freezing
Missiles
 q - 20 sling bullets
 z - 31 stones (quivered ammo)
Armour
 c - a +0 robe (worn)
 p - a +0 helmet (worn)
 y - a +0 pair of boots (worn)
Jewellery
 o - a ring of ice
Wands
 s - a wand of polymorph (7)
 B - a wand of random effects (9)
Scrolls
 d - a scroll of torment {unknown}
 e - a scroll of noise {unknown}
 f - a scroll of enchant weapon {unknown}
 g - a scroll of magic mapping {unknown}
 i - 4 scrolls of fear
 j - a scroll of teleportation
 u - a scroll of amnesia
 w - a scroll of holy word {unknown}
Potions
 h - 2 potions of brilliance
 k - 2 potions of magic
 l - a potion of lignification {unknown}
 m - a potion of ambrosia {unknown}
 n - 2 potions of cancellation {unknown}
 r - 2 potions of flight {unknown}
 t - a potion of haste {unknown}
 v - a potion of berserk rage {unknown}


   Skills:
 - Level 5.0 Fighting
 + Level 4.7 Dodging
 - Level 2.4 Stealth
 - Level 5.0 Spellcasting
 - Level 7.0 Conjurations
 - Level 7.0 Hexes
 + Level 2.1 Translocations


You had 6 spell levels left.
You knew the following spells:

 Your Spells              Type           Power      Damage    Failure   Level
a - Magic Dart            Conj           100%       1d8       1%          1
b - Searing Ray           Conj           82%        3d6       1%          2
c - Fulminant Prism       Conj/Hex       20%        3d13      4%          4
d - Iskenderun's Mystic   Conj/Tloc      29%        2d7       13%         4

Your spell library contained the following spells:

 Spells                   Type           Power      Damage    Failure   Level
 Sandblast                Erth           12%        2d6       9%          1
 Dazzling Flash           Conj/Hex       82%        N/A       1%          3
 Beastly Appendage        Tmut           12%        N/A       9%          1
 Wereblood                Tmut           6%         N/A       12%         2
 Spider Form              Tmut/Pois      3%         N/A       24%         3
 Ice Form                 Ice/Tmut       6%         N/A       63%         4
 Blade Hands              Tmut           3%         N/A       92%         5


Dungeon Overview and Level Annotations

Branches:
Dungeon (6/15)             Temple (1/1) D:4

Altars:
Dithmenos
Elyvilon
Gozag
Hepliaklqana
Makhleb
Nemelex Xobeh
Okawaru
Ru
Sif Muna
Trog
Uskayaw
Vehumet
Xom
Yredelemnul
The Shining One
Lugonu


Message History

You kill the jelly!
Vehumet accepts your kill.
Vehumet offers you knowledge of Sandblast. (Press . to maintain the ray.)
Your Translocations skill increases to level 2!
You start resting.
Magic restored.
Found a stone staircase leading down.
There is a stone staircase leading up here.
z - 27 stones (gained 1)
z - 28 stones (gained 1)
z - 30 stones (gained 2)
z - 31 stones (gained 1)
A centaur comes into view.
Casting: Searing Ray (safe; 1% risk of failure)
Confirm with . or Enter, or press ? or * to list all spells.
Okay, then.
Unknown command.
Found 5 gold pieces.
You now have 263 gold pieces (gained 5).
Found 14 gold pieces.
A scorpion comes into view.
The centaur shouts!
The centaur wields a +1 shortbow of freezing.
It is covered in frost.
The centaur shoots an arrow.
The arrow misses you.
The centaur shoots an arrow.
The arrow hits you! The arrow freezes you!
The centaur shoots an arrow.
The arrow hits you. The arrow freezes you.
Casting: Searing Ray (safe; 1% risk of failure)
Confirm with . or Enter, or press ? or * to list all spells.
Aiming: Fulminant Prism (dangerous; 4% risk of failure)
Press: ? - help, Dir - move target You conjure a prism of explosive energy!
A fulminant prism comes into view.
The centaur shoots an arrow.
The arrow barely misses you.
The centaur shoots an arrow.
The arrow hits you!
* * * LOW HITPOINT WARNING * * *
The arrow freezes you.
* * * LOW HITPOINT WARNING * * *
The centaur shoots an arrow.
The arrow hits you!
You die...

........####.$....#..
........#####..........
....#...##.........##..
....#..................
.......................
..................*...#
...###..............c.
... #.............#. ..
#..#.......@..#
##.##..........#
..#...........#
...#.....$.......# ..
##....s...##....
#......... #...
#......##.# ...
#......# .. ..


You could see a centaur (ally target), a scorpion and a friendly fulminant
prism.

Vanquished Creatures
  A water moccasin (D:5)
  A necrophage (D:5)
  A sky beast (D:6)
  2 ogres
  A phantom (D:4)
  A gnoll sergeant (D:4)
  A water moccasin zombie (D:5)
  2 water moccasin skeletons
  A wight (D:4)
  A centaur zombie (D:5)
  A bullfrog zombie (D:6)
  An orc priest (D:4)
  6 hounds
  3 jellies
  A bullfrog skeleton (D:5)
  5 iguanas
  A hound skeleton (D:4)
  Robin (D:3)
  9 gnolls
  8 adders
  A white imp (D:4)
  An ufetubus (D:5)
  2 adder skeletons
  3 worms
  A dart slug (D:4)
  13 orcs
  5 ball pythons
  7 bats
  13 endoplasms
  10 goblins
  9 hobgoblins
  3 jackals
  3 quokkas
  3 frilled lizards
  8 kobolds
  7 rats
137 creatures vanquished.

Vanquished Creatures (others)
  A fulminant prism (D:5)
  A plant (D:4)
2 creatures vanquished.

Grand Total: 139 creatures vanquished

Notes
Turn   | Place    | Note
-------+----------+-------------------------------------------
     0 | D:1      | porpoise the Deep Elf Conjurer began the quest for the Orb.
     0 | D:1      | Reached XP level 1. HP: 10/10 MP: 6/6
   289 | D:1      | Reached XP level 2. HP: 15/15 MP: 5/8
   337 | D:1      | Learned a level 2 spell: Searing Ray
  1084 | D:2      | Reached skill level 5 in Conjurations
  1084 | D:2      | Reached XP level 3. HP: 19/19 MP: 5/10
  1267 | D:2      | Found a hide-covered altar of Uskayaw.
  1851 | D:3      | Reached XP level 4. HP: 24/24 MP: 2/12
  1971 | D:3      | Found a sparkling altar of Nemelex Xobeh.
  1992 | D:3      | Found an iron altar of Okawaru.
  2051 | D:3      | Noticed Robin
  2135 | D:3      | Killed Robin
  2156 | D:3      | Reached skill level 5 in Spellcasting
  2262 | D:3      | Reached skill level 1 in Fighting
  2262 | D:3      | Reached XP level 5. HP: 29/29 MP: 8/14
  2865 | D:4      | Reached XP level 6. HP: 35/35 MP: 4/15
  3327 | D:4      | Found a staircase to the Ecumenical Temple.
  3341 | Temple   | Entered the Ecumenical Temple
  3461 | Temple   | Became a worshipper of Vehumet
  3666 | D:4      | Learned a level 4 spell: Fulminant Prism
  3671 | D:4      | Learned a level 4 spell: Iskenderun's Mystic Blast
  3762 | D:4      | Reached skill level 1 in Hexes
  3762 | D:4      | Reached XP level 7. HP: 41/41 MP: 9/16
  4043 | D:4      | Reached * piety under Vehumet
  4043 | D:4      | Offered knowledge of Shock by Vehumet.
  4762 | D:5      | Entered Level 5 of the Dungeon
  4969 | D:5      | Reached skill level 5 in Hexes
  5175 | D:5      | Reached XP level 8. HP: 48/48 MP: 12/17
  5335 | D:5      | Reached skill level 5 in Fighting
  5382 | D:5      | Identified the +8 quarterstaff "Nuoq" {holy, rElec rN+
                  | Int-5}
  5604 | D:5      | Found a sacrificial altar of Ru.
  6081 | D:6      | Reached ** piety under Vehumet
  6082 | D:6      | Reached skill level 1 in Translocations
  6147 | D:6      | Offered knowledge of Sandblast by Vehumet.
  6195 | D:6      | Shot with an arrow by a centaur

Illustrated notes

Levels and vault maps discovered:
D:1:      shiori_arrival_oz, layout_loops_ring
D:2:      layout_rooms, lemuel_crystal_altar
D:3:      layout_rooms, nemelex_xobeh_ov_fountains_minmay,
          okawaru_ov_weapons_minmay, uniq_robin
D:4:      wad_lake_hut, layout_cave_pools, minmay_temple_entry_butterflies,
          nzn_random_ring
D:5:      layout_layer_cave, overflow_temple_1_default
D:6:      layout_cave_pools
Temple:   kb_corrupted_temple

Skill      XL: |  1  2  3  4  5  6  7  8 |
---------------+-------------------------+-----
Spellcasting   | 4 5 |  5.0
Conjurations   | 5 6 7 |  7.0
Fighting       | 1 2 3 4 5 |  5.0
Hexes          | 1 5 7 |  7.0
Dodging        | 4 |  4.7
Translocations | 2 |  2.1
Stealth        | |  2.4

Action                   |  1- 3 |  4- 6 |  7- 9 || total
-------------------------+-------+-------+-------++-------
Melee: Quarterstaff      |       |       |     1 ||     1
 Fire: Hunting sling     |    19 |    54 |    75 ||   148
 Cast: Magic Dart        |    38 |     9 |     6 ||    53
       Searing Ray       |     9 |    32 |    41 ||    82
       Fulminant Prism   |       |       |     2 ||     2
  Use: Scroll            |       |     2 |     3 ||     5
Armor: Robe              |     2 |       |     5 ||     7
Dodge: Dodged            |     1 |     5 |    11 ||    17

Table legend: (Time is in decaauts)
 A = Elapsed time spent in this place.
 B = Non-inter-level travel time spent in this place.
 C = Inter-level travel time spent in this place.
 D = Time resting spent in this place.
 E = Time spent auto-exploring this place.
 F = Levels seen in this place.
 G = Mean time per level.
                   A        B        C        D        E       F      G
               +--------+--------+--------+--------+--------+-----+--------+
         Total |   6263 |   6122 |    141 |   2068 |   3087 |   7 |  894.7 |
       Dungeon |   6120 |   6001 |    119 |   2068 |   2994 |   6 | 1020.0 |
        Temple |    142 |    120 |     22 |      0 |     93 |   1 |  142.0 |
               +--------+--------+--------+--------+--------+-----+--------+

Top non-repeatable levels by time:
     D:4: 1956 daAuts
     D:5: 1242 daAuts
     D:3: 1082 daAuts
     D:1: 974 daAuts
     D:2: 690 daAuts
     D:6: 173 daAuts
  Temple: 142 daAuts
